 Dungeon Crawl Stone Soup version 0.24.0-123-gd5b16e6ec5 (webtiles) character file.

Game seed: 1171568722300001869, levelgen mode: deterministic

65 Descartes the Scratcher (level 3, 0/17 HPs)
             Began as a Felid Monk on Jan 8, 2020.
             Succumbed to an adder's poison
             ... on level 3 of the Dungeon.
             The game lasted 00:04:26 (2251 turns).

Descartes the Scratcher (Felid Monk)                Turns: 2251, Time: 00:04:27

Health: 0/17       AC:  1    Str:  8    XL:     3   Next: 92%
Magic:  4/4        EV: 19    Int: 11    God:
Gold:   59         SH:  0    Dex: 18    Spells: 2/2 levels left
                                        Lives:  0   Deaths: 0

rFire    . . .     SeeInvis +     - Unarmed
rCold    . . .     Gourm    .   (shield unavailable)
rNeg     . . .     Faith    .   (armour unavailable)
rPois    .         Spirit   .   (helmet unavailable)
rElec    .         Reflect  .   (cloak unavailable)
rCorr    .         Harm     .   (gloves unavailable)
MR       .....                  (boots unavailable)
Stlth    +++.......             (no amulet)
HPRegen  0.05/turn              (no ring)
MPRegen  0.09/turn              (no ring)

@: lethally poisoned (0 -> -3), quick
A: very small, no armour, no weapons or thrown items, stealth, claws 1, fangs 3,
see invisible, carnivore, speed 1, shaggy fur 1, slow metabolism 1, sharp paws
a: no special abilities


You were on level 3 of the Dungeon.
You were completely stuffed.

You visited 1 branch of the dungeon, and saw 3 of its levels.

You collected 59 gold pieces.

Inventory:

Missiles
 d - 59 stones
 j - 18 arrows
Jewellery
 c - a cursed ring of teleportation {unknown}
Scrolls
 e - 2 scrolls of identify {unknown}
 f - 3 scrolls of remove curse {unknown}
 g - 2 scrolls of blinking {unknown}
 i - a scroll of magic mapping {unknown}
 l - a scroll of noise {unknown}
 m - a scroll of teleportation {unknown}
Potions
 b - a potion of agility {unknown}
 k - a potion of resistance {unknown}
Comestibles
 a - 5 rations


   Skills:
 - Level 3.0 Fighting
 - Level 4.0 Dodging
 - Level 2.6 Stealth
 + Level 4.9 Unarmed Combat


You had 2 spell levels left.
You didn't know any spells.
Your spell library was empty.

Dungeon Overview and Level Annotations

Branches:
Dungeon (3/15)

Altars:
Ru
Sif Muna
Vehumet
Yredelemnul


Innate Abilities, Weirdness & Mutations

You cannot wear armour.
You are incapable of wielding weapons or throwing items.
Your paws allow you to move quietly. (Stealth)
You have sharp claws.
You have razor-sharp teeth.
You have supernaturally acute eyesight. (SInv)
You are carnivorous and can eat meat at any time.
You cover ground quickly.
You are covered in fur. (AC +1)
You have a slow metabolism.
Your sharp claws are effective at attacking unaware monsters.


Message History

You completely miss the leopard gecko. Your bite misses the leopard gecko.
The leopard gecko completely misses you.
The adder barely misses you.
You scratch the adder.
The adder is lightly wounded.
The leopard gecko bites you. The adder bites you.
You are poisoned.
The adder poisons you! The leopard gecko barely misses you.
You barely miss the adder.
The adder is lightly wounded.
You feel sick. The adder bites you. The leopard gecko bites you.
* * * LOW HITPOINT WARNING * * *
You are too injured to fight recklessly!
* * * LOW HITPOINT WARNING * * *
You feel sick.
* * * LOW HITPOINT WARNING * * *
You feel sick.
The leopard gecko hisses menacingly.
The adder completely misses you.
You die...

###..................#.......#.#
#..................#.......#.#
#......................_.....##
#..................#.......#..#
.....................#.......#...
.......%......l......# ..... #.#.
.....................####.####...
..#...........S......(...........
..#.............@..............#.
#..........................####
#.########################## #.
#. #. #. #. #. ##.####.


You could see an adder and a leopard gecko.

Vanquished Creatures
  3 gnolls
  A leopard gecko (D:1)
  A ball python (D:1)
  3 bats
  2 giant cockroaches
  4 goblins (D:1)
  6 hobgoblins
  2 jackals (D:2)
  3 frilled lizards
  5 kobolds
  3 rats
33 creatures vanquished.

Notes
Turn   | Place    | Note
-------+----------+-------------------------------------------
     0 | D:1      | Descartes the Felid Monk began the quest for the Orb.
     0 | D:1      | Reached XP level 1. HP: 10/10 MP: 2/2
   487 | D:1      | Reached XP level 2. HP: 14/14 MP: 3/3
   990 | D:2      | Reached XP level 3. HP: 17/17 MP: 4/4
  1341 | D:2      | Found a basalt altar of Yredelemnul.
  1341 | D:2      | Found a shimmering blue altar of Sif Muna.
  1341 | D:2      | Found a radiant altar of Vehumet.
  2075 | D:3      | Found a sacrificial altar of Ru.
  2251 | D:3      | Succumbed to an adder's poison

Levels and vault maps discovered:
D:1:      shiori_arrival_elements, layout_rooms, minivault_25
D:2:      layout_loops_ring, chequers_temple_overflow_statue_of_worship,
          first_ration, hangedman_feature_mirror, minmay_misc_feat_nine_boxes
D:3:      layout_basic, old_standard_altar, kennysheep_decorative_pillar,
          kennysheep_boxes

Skill      XL: |  1  2 |
---------------+-------+-----
Unarmed Combat | 4 |  4.9
Fighting       | |  3.0
Dodging        | |  4.0
Stealth        | |  2.6

Action                   || total
-------------------------++-------
Melee: Unarmed           ||   102
       Bite              ||     9
 Stab: Sleeping          ||     4
  Eat: Chunk             ||    10
Armor: Skin              ||     4
Dodge: Dodged            ||    90
